 Dungeon Crawl Stone Soup version 0.31.0-9-g3a7656b989 (webtiles) character file.

Game seed: 8475528120348291778

63369 Kenran the Severer (level 15, -2/101 HPs)
             Began as a Gargoyle Berserker on Jan 25, 2024.
             Was a High Priest of Trog.
             Slain by a vault guard simulacrum (16 damage)
             ... animated by a necromancer
             ... on level 14 of the Dungeon.
             The game lasted 00:33:52 (19378 turns).

Kenran the Severer (Gargoyle Berserker)            Turns: 19378, Time: 00:33:53

Health: -2/101     AC: 43    Str: 27    XL:     15   Next: 9%
Magic:  0/15       EV:  9    Int: 13    God:    Trog [*****.]
Gold:   1574       SH:  5    Dex:  9    Spells: 14/14 levels left

rFire   . . .        a - +2 broad axe (heavy)
rCold   . . .        R - +1 buckler {AC+3}
rNeg    + + .        G - +0 plate armour
rPois   ∞            n - +2 helmet
rElec   +            K - +2 cloak {rPois}
rCorr   .            (no gloves)
SInv    .            B - +0 pair of boots
Will    +....        T - amulet "Wetwin" {Spirit Int+4 Slay+2 Stlth+} Stlth
                     u - ring of positive energy
HPRegen 0.36/turn    v - +4 ring of protection
MPRegen 0.14/turn

%: guardian spirit
@: on berserk cooldown, flying, slowed, very slow
A: sickness immunity, AC +11, big wings, negative energy resistance 1,
electricity resistance, torment resistance 1, petrification resistance
a: Renounce Religion, Berserk, Trog's Hand, Brothers in Arms


You were on level 14 of the Dungeon.
You worshipped Trog.
Trog was extremely pleased with you.
You visited 2 branches of the dungeon, and saw 19 of its levels.
You also visited: Sewer, Ossuary and Ice Cave.

You collected 1574 gold pieces.

Inventory:

Hand Weapons
 a - a +2 heavy broad axe (weapon)
 b - the +10 mace of Zin's Supremacy {flame, Dex+5}
   (You found it on level 9 of the Dungeon)

   Dex+5:     It affects your dexterity (+5).
Missiles
 e - 10 curare-tipped darts (quivered)
 y - 3 throwing nets
Armour
 n - a +2 helmet (worn)
 B - a +0 pair of boots (worn)
 G - a +0 plate armour (worn)
 K - a +2 cloak of poison resistance (worn)
 R - a +1 buckler of protection (worn)
Jewellery
 r - a ring of fire
 u - a ring of positive energy (left hand)
 v - a +4 ring of protection (right hand)
 N - a ring of ice
 T - the amulet "Wetwin" (around neck) {Spirit Int+4 Slay+2 Stlth+}
   (You found it on level 13 of the Dungeon)

   [amulet of guardian spirit]

   Spirit:    It causes incoming damage to be divided between your reserves of
   health and magic.
   Int+4:     It affects your intelligence (+4).
   Slay+2:    It affects your accuracy & damage with ranged weapons and melee
   (+2).
   Stlth+:    It makes you more stealthy.
Wands
 s - a wand of iceblast (20)
 I - a wand of quicksilver (4)
 J - a wand of flame (41)
 P - a wand of mindburst (11)
Scrolls
 f - 11 scrolls of teleportation
 g - 2 scrolls of silence
 h - 5 scrolls of fear
 o - 2 scrolls of vulnerability {!r}
 t - a scroll of poison {unknown}
 w - 4 scrolls of immolation {!r}
 x - 3 scrolls of enchant weapon
 D - 2 scrolls of enchant armour
 H - a scroll of revelation
 L - a scroll of butterflies
 M - a scroll of fog
 O - a scroll of noise {unknown}
 Q - a scroll of blinking
 S - a scroll of torment {!r}
Potions
 c - 2 potions of resistance
 d - 6 potions of heal wounds {@q2}
 i - a potion of cancellation {unknown}
 j - 3 potions of enlightenment
 k - 2 potions of might {unknown}
 l - 3 potions of brilliance
 p - 8 potions of attraction {unknown}
 q - 3 potions of invisibility {unknown}
 z - 3 potions of ambrosia {unknown}
 A - a potion of magic {unknown}
 C - 2 potions of haste {unknown}
 E - 2 potions of curing {unknown}
 F - 3 potions of mutation {!q}
Miscellaneous
 m - a phantom mirror


   Skills:
 + Level 14.4 Fighting
 - Level 16.0 Axes
 - Level 14.0 Armour
 - Level 5.0 Dodging
 - Level 4.0 Shields
 - Level 5.0 Evocations


You had 14 spell levels left.
You didn't know any spells.
Your spell library was empty.

Dungeon Overview and Level Annotations

Branches:
Dungeon (14/15)            Temple (0/1) D:5            Lair (5/5) D:9
  Swamp (0/4) Lair:3        Snake (0/4) Lair:2        Slime (0/5) Lair:4
    Orc (0/2) D:10         Vaults (0/5) D:14          Sewer (visited)
Ossuary (visited)           IceCv (visited)

Altars:
Dithmenos
Elyvilon
Hepliaklqana
Kikubaaqudgha
Makhleb
Trog
Yredelemnul
Zin

Annotations:
D:11 1 runed translucent door, dertzug's ghost, journeyman TrFi


Innate Abilities, Weirdness & Mutations

You are immune to sickness and miasma.
Your stone body is resilient. (AC +11)
You are immune to poison.
Your large and strong wings let you fly.
You resist negative energy. (rN+)
You are resistant to electric shocks. (rElec)
You are resistant to unholy torment.
You are immune to petrification.


Message History

The vault guard simulacrum barely misses you.
You slash the necromancer!
The necromancer is severely wounded.
You slash the vault guard simulacrum!
The necromancer's soul is no longer bound.
The necromancer mumbles some strange words.
The necromancer binds the souls of nearby monsters.
The vault guard simulacrum hits you but does no damage.
The necromancer hits you but does no damage.
The necromancer mumbles some strange words.
The necromancer binds the souls of nearby monsters.
You closely miss the necromancer.
The necromancer is severely wounded.
You completely miss the vault guard simulacrum.
The necromancer's soul is no longer bound.
The necromancer hits you but does no damage.
You block the vault guard simulacrum's attack.
The necromancer hits you with a +0 dagger.
The vault guard simulacrum hits you.
The vault guard simulacrum freezes you!!!
You are too injured to fight recklessly!
You are too injured to fight recklessly!
You barely miss the necromancer.
The necromancer is severely wounded.
You slash the vault guard simulacrum!
The necromancer gestures wildly while chanting.
The necromancer binds the souls of nearby monsters.
The vault guard simulacrum hits you but does no damage.
The necromancer hits you but does no damage.
You hit the necromancer but do no damage.
The necromancer is severely wounded.
You hit the vault guard simulacrum. The necromancer completely misses you.
The vault guard simulacrum hits you.
The vault guard simulacrum freezes you!!
* * * LOW HITPOINT WARNING * * *
The necromancer hits you but does no damage.
The vault guard simulacrum hits you.
* * * LOW HITPOINT WARNING * * *
The vault guard simulacrum freezes you!!
You die...

... #.# #.# #.#
#.# #.# #.# #.#
#.# #.# #.#
######.#
###.######......#
#.....Z@ppp(....#
#.▓▓▓▓▓▓▓▓p''▓▓.#
#.▓.....▓..†..▓.#
#.▓.....'.p...▓.#
#)▓..⌠..'..⌠..▓.#
#.▓....p'.....▓.#
#.▓..pp.▓....:▓.#
#.▓▓''p▓▓▓▓▓▓▓▓.#
#.▓†))..▓.../?▓.#


You could see 2 necromancers, 2 humans and a vault guard simulacrum.

Vanquished Creatures
  Snorg (Lair:3)
  7 hydras
  3 vault guards (D:14)
  2 catoblepae
  2 two-headed ogres
  2 centaur warriors (D:13)
  A death yak (Lair:3)
  Urug (Lair:1)
  Nergalle (D:11)
  Sonja (D:11)
  A fire crab (shapeshifter) (D:13)
  2 spriggan druids (Lair:3)
  2 arcanists (D:14)
  2 wolf spiders (Lair:3)
  A necromancer (D:14)
  3 ugly things (D:14)
  Maurice (D:11)
  3 cyclopes
  6 elephants (Lair:5)
  2 manticores
  7 black mambas
  3 torpor snails
  17 cane toads
  4 rime drakes
  10 komodo dragons
  A kobold demonologist (D:10)
  An efreet (D:13)
  A troll (D:13)
  7 hornets
  5 polar bears
  3 dream sheep (Lair:5)
  4 slime creatures (D:12)
  Sigmund (D:2)
  15 spriggans (Lair:5)
  A vampire (D:10)
  7 wyverns
  A shadow (D:13)
  A steam dragon (D:8)
  6 wraiths
  44 yaks
  A basilisk (D:13)
  15 humans (D:14)
  6 vampire mosquitoes (D:11)
  Menkaure (D:5)
  2 acid dragons
  15 water moccasins
  4 orc warriors
  2 black bears (Lair:5)
  An ice beast (D:6)
  2 laughing skulls (D:13)
  3 boggarts (Lair:5)
  40 wolves
  A crocodile (Sewer)
  3 centaurs
  A kobold brigand (D:8)
  2 scorpions (D:5)
  10 bullfrogs
  18 wights
  6 killer bees
  9 howler monkeys
  An electric eel (Lair:1)
  2 bombardier beetles (D:5)
  2 centaur zombies (Ossuary)
  5 hounds
  2 human zombies (Ossuary)
  12 orc priests
  A sleepcap (D:6)
  3 jellies
  2 gnoll boudas
  18 orc wizards
  3 iguanas
  Natasha (thrice) (D:1)
  5 hound zombies (Ossuary)
  2 mummies (Ossuary)
  Robin (D:2)
  22 gnolls
  6 adders
  A river rat (D:6)
  A shadow imp (D:8)
  4 ufetubi
  10 adder zombies (Ossuary)
  A ribbon worm (D:2)
  2 dart slugs
  41 orcs
  6 ball pythons
  5 bats
  5 endoplasms
  2 giant cockroaches
  6 gnoll zombies (Ossuary)
  13 goblins
  9 hobgoblins
  11 jackals
  15 kobolds
  2 quokkas (D:1)
  2 frilled lizards
  A jackal zombie (Ossuary)
  6 kobold zombies (Ossuary)
  5 orc zombies (Ossuary)
  6 rats
569 creatures vanquished.

Notes
Turn   | Place    | Note
-------+----------+-------------------------------------------
     0 | D:1      | Kenran the Gargoyle Berserker began the quest for the Orb.
     0 | D:1      | Reached XP level 1. HP: 14/14 MP: 1/1
    68 | D:1      | Reached skill level 3 in Axes
   161 | D:1      | Reached XP level 2. HP: 16/19 MP: 2/2
   355 | D:1      | Reached XP level 3. HP: 23/23 MP: 3/3
   561 | D:2      | Reached ** piety under Trog
   684 | D:2      | Noticed Natasha
   706 | D:1      | Killed Natasha
   707 | D:1      | Reached skill level 4 in Axes
  1002 | D:1      | Noticed Natasha
  1009 | D:1      | Killed Natasha
  1010 | D:1      | Reached XP level 4. HP: 17/28 MP: 4/4
  1185 | D:1      | Noticed Natasha
  1198 | D:1      | Killed Natasha
  1261 | D:2      | Reached skill level 5 in Axes
  1270 | D:2      | Reached XP level 5. HP: 32/32 MP: 5/5
  1501 | D:2      | Noticed Sigmund
  1619 | D:2      | Noticed Robin
  1638 | D:2      | Killed Robin
  1828 | D:2      | Killed Sigmund
  1829 | D:2      | Reached skill level 6 in Axes
  1829 | D:2      | Reached XP level 6. HP: 37/37 MP: 6/6
  2331 | D:3      | Found an ancient bone altar of Kikubaaqudgha.
  2360 | D:3      | Found a shadowy altar of Dithmenos.
  2589 | D:3      | Found a basalt altar of Yredelemnul.
  2600 | D:3      | Found a hazy altar of Hepliaklqana.
  3117 | D:4      | Reached *** piety under Trog
  3602 | D:5      | Entered Level 5 of the Dungeon
  3701 | D:5      | Reached skill level 7 in Axes
  3701 | D:5      | Reached XP level 7. HP: 41/41 MP: 7/7
  3710 | D:5      | Noticed Menkaure
  3725 | D:5      | Killed Menkaure
  3932 | D:5      | Reached skill level 8 in Axes
  4065 | D:5      | Found a staircase to the Ecumenical Temple.
  4140 | D:5      | Reached skill level 1 in Evocations
  4529 | D:6      | Reached XP level 8. HP: 26/48 MP: 4/8
  4774 | D:6      | Found a sand-covered staircase.
  4779 | Ossuary  | Entered an ossuary
  4963 | Ossuary  | Reached skill level 5 in Fighting
  4981 | Ossuary  | Reached skill level 9 in Axes
  4993 | Ossuary  | Reached **** piety under Trog
  5217 | D:6      | Found a glowing drain.
  5221 | Sewer    | Entered a sewer
  5332 | Sewer    | Identified the ring of Mabb {rF+ Str+6 Slay-6 Stlth+}
  5554 | D:6      | Reached XP level 9. HP: 34/54 MP: 3/9
  5689 | D:6      | Reached skill level 10 in Axes
  5928 | D:6      | Reached skill level 1 in Shields
  5997 | D:6      | Found a white marble altar of Elyvilon.
  6813 | D:7      | Reached skill level 11 in Axes
  7033 | D:8      | Reached XP level 10. HP: 56/60 MP: 8/10
  7146 | D:8      | Reached skill level 12 in Axes
  7263 | D:8      | Reached ***** piety under Trog
  7837 | D:9      | Found a staircase to the Lair.
  8197 | D:9      | Identified the +10 mace of Zin's Supremacy {flame, Dex+5}
  8332 | D:9      | Found a bloodstained altar of Trog.
  8466 | D:9      | Found a glowing silver altar of Zin.
  8770 | D:10     | Entered Level 10 of the Dungeon
  8781 | D:10     | Noticed a manticore
  8782 | D:10     | Reached skill level 5 in Armour
  8915 | D:10     | Killed a manticore
  9019 | D:10     | Received a gift from Trog
  9021 | D:10     | Found a staircase to the Orcish Mines.
  9034 | D:10     | Reached XP level 11. HP: 62/71 MP: 11/11
  9785 | D:10     | Found a burning altar of Makhleb.
 10108 | D:11     | Noticed a two-headed ogre
 10114 | D:11     | Killed a two-headed ogre
 10116 | D:11     | Noticed Maurice
 10233 | D:11     | Maurice stole 498 gold
 10237 | D:11     | Maurice stole a +4 war axe of freezing
 10238 | D:11     | Maurice stole 171 gold
 10239 | D:11     | Killed Maurice
 10240 | D:11     | Reached skill level 13 in Axes
 10374 | D:11     | Found a runed translucent door.
 10381 | D:11     | Noticed dertzug's ghost (journeyman TrFi)
 10540 | D:11     | Noticed Sonja
 10542 | D:11     | Killed Sonja
 10655 | D:11     | Reached skill level 10 in Fighting
 10797 | D:11     | Noticed Nergalle
 10805 | D:11     | Killed Nergalle
 10912 | Lair:1   | Entered Level 1 of the Lair of Beasts
 10912 | Lair:1   | Noticed Urug
 10922 | Lair:1   | Killed Urug
 10927 | Lair:1   | Reached skill level 14 in Axes
 11030 | Lair:1   | Found a frozen archway.
 11039 | IceCv    | Entered an ice cave
 11239 | Lair:1   | Noticed a catoblepas
 11253 | Lair:1   | Killed a catoblepas
 11261 | Lair:1   | Reached XP level 12. HP: 66/78 MP: 10/12
 12111 | Lair:2   | Noticed a five-headed hydra
 12118 | Lair:2   | Killed a five-headed hydra
 12456 | Lair:2   | Found a staircase to the Snake Pit.
 13343 | Lair:3   | Noticed Snorg
 13343 | Lair:3   | Noticed a death yak
 13352 | Lair:3   | Killed a death yak
 13359 | Lair:3   | Killed Snorg
 13360 | Lair:3   | Reached skill level 15 in Axes
 13637 | Lair:3   | Reached ****** piety under Trog
 13672 | Lair:3   | Reached XP level 13. HP: 86/86 MP: 13/13
 13731 | Lair:3   | Reached skill level 10 in Armour
 13731 | Lair:3   | Received a gift from Trog
 14243 | Lair:3   | Reached skill level 16 in Axes
 14361 | Lair:3   | Found a staircase to the Swamp.
 15474 | Lair:4   | Found a staircase to the Slime Pits.
 15538 | Lair:5   | Entered Level 5 of the Lair of Beasts
 15774 | Lair:5   | Reached skill level 5 in Evocations
 15970 | Lair:5   | Received a gift from Trog
 16042 | Lair:5   | Gained mutation: Your large and strong wings let you fly.
                  | [Gargoyle growth]
 16042 | Lair:5   | Reached XP level 14. HP: 91/94 MP: 14/14
 17471 | D:12     | Received a gift from Trog
 17972 | D:12     | Identified the +5 scale mail "Ymnek" {rElec rF+ Stlth+}
 18273 | D:13     | Identified the amulet "Wetwin" {Spirit Int+4 Slay+2 Stlth+}
 19281 | D:14     | Reached skill level 5 in Dodging
 19281 | D:14     | Reached XP level 15. HP: 100/100 MP: 13/15
 19334 | D:14     | Found a gate to the Vaults.
 19378 | D:14     | Slain by a vault guard simulacrum

Illustrated notes

Levels and vault maps discovered:
D:1:      lightli_arrival_windingriver, layout_rooms
D:2:      layout_loops_cross, uniq_sigmund, uniq_natasha, uniq_robin
D:3:      layout_basic, mainiacjoe_overflow_24_doors, jmf_multi_god_temple,
          overflow_temple_1_default
D:4:      layout_basic, kennysheep_generic_room_5
D:5:      nicolae_cairo_tiling_large_dashed, layout_cave_pools, temple_green,
          uniq_menkaure
D:6:      layout_cave_pools, kennysheep_mini, nicolae_ossuary_entry_plus,
          gup_sewer_entry_spiral
D:7:      layout_gridville
D:8:      layout_loops_ring, kennysheep_nub
D:9:      layout_roguey, mainiacjoe_overflow_catwalk, zin_treasury,
          erik_lair_orcish_takeover
D:10:     layout_cave_pods, bloody_makhleb, david_orc_3, minmay_misc_feat_tower
D:11:     layout_stronghold, ebering_ghost_reflecting_pool, uniq_sonja,
          uniq_maurice, uniq_nergalle
D:12:     layout_loops_ring
D:13:     layout_stronghold
D:14:     layout_loops_ring, grunt_vaults_entry_tiered,
          nicolae_gozag_cash_rules_everything_around_me, evilmike_butchery
Lair:1:   layout_regular_city, portal_ice_cave_entry_pillars_1,
          grunt_megastairs_1, infiniplex_staircase_pool, uniq_urug
Lair:2:   layout_regular_city, minmay_snake_entry_six_corridors,
          infiniplex_staircase_pool_2, serial_bayou_shore_b
Lair:3:   layout_loops_ring, mainiacjoe_swamp_entry_angry_trees,
          nicolae_lair_run_with_the_wolves, grunt_megastairs_5, uniq_snorg
Lair:4:   layout_concentric_octagons, slime_entry_1
Lair:5:   minmay_lair_end_enchanted_forest, layout_loops_ring,
          serial_bayou_shore_a

Skill      XL: |  1  2  3  4  5  6  7  8  9 10 11 12 13 14 |
---------------+-------------------------------------------+-----
Axes           | 3 4 5 6 7 8 9 11 12 14 15 16 | 16.0
Evocations     | 1 2 5 |  5.0
Fighting       | 4 5 6 9 10 12 13 14 | 14.4
Shields        | 2 4 |  4.0
Armour         | 4 5 6 9 10 14 | 14.0
Dodging        | 2 5 |  5.0

Action                     |  1- 3 |  4- 6 |  7- 9 | 10-12 | 13-15 || total
---------------------------+-------+-------+-------+-------+-------++-------
  Melee: Hand axe          |    89 |   177 |   333 |       |       ||   599
         Punch             |     1 |       |       |       |       ||     1
         War axe           |       |       |   165 |   231 |       ||   396
         Broad axe         |       |       |       |   225 |   520 ||   745
         Mace              |       |       |       |     6 |    29 ||    35
 Invoke: Berserk           |     2 |     3 |     6 |     4 |     4 ||    19
         Trog's Hand       |       |       |       |       |     1 ||     1
  Evoke: Wand              |       |       |       |     7 |       ||     7
    Use: Scroll            |       |     7 |     4 |     5 |     5 ||    21
         Potion            |       |       |     1 |       |       ||     1
   Stab: Petrified         |       |       |       |       |     1 ||     1
 Armour: Animal skin       |     5 |       |       |       |       ||     5
         Ring mail         |    60 |    71 |       |       |       ||   131
         Chain mail        |       |    44 |   456 |   176 |       ||   676
         Plate armour      |       |       |       |   472 |   767 ||  1239
  Dodge: Dodged            |    49 |    73 |   236 |   185 |   268 ||   811
  Block: Buckler           |     7 |    34 |    76 |   105 |   155 ||   377
